 Dungeon Crawl Stone Soup version 0.24.0-125-gc4c63601f3 (webtiles) character file.

Game seed: 5169237946562481000, levelgen mode: deterministic

82269 Curus the Bludgeoner (level 15, -11/143 HPs)
             Began as a Minotaur Gladiator on Mar 14, 2020.
             Was the Champion of Okawaru.
             Mangled by a two-headed ogre
             ... wielding a +0 giant club
              (12 damage)
             ... on level 14 of the Dungeon.
             The game lasted 01:51:04 (18599 turns).

Curus the Bludgeoner (Minotaur Gladiator)          Turns: 18599, Time: 01:51:06

Health: -11/143    AC: 17    Str: 25    XL:     15   Next: 29%
Magic:  21/21      EV: 22    Int: 17    God:    Okawaru [******]
Gold:   1171       SH:  0    Dex: 19    Spells: 14/14 levels left

rFire    + . .     SeeInvis .   L - +8 great mace of Untimely Demise {flame, rC+}
rCold    + + .     Gourm    .   (shield currently unavailable)
rNeg     . . .     Faith    .   J - +0 ring mail of the Republic {+Blink rCorr Str+6}
rPois    .         Spirit   .   (helmet unavailable)
rElec    .         Reflect  .   a - +2 cloak "Toususat" {Str-3 Int+8 Dex+4}
rCorr    +         Harm     .   W - +2 pair of gloves {archery}
MR       +....                  p - +2 pair of boots
Stlth    +.........             C - amulet of regeneration
HPRegen  0.73/turn              P - ring of protection from cold
MPRegen  0.17/turn              A - ring of flight

@: no status effects
A: retaliatory headbutt, horns 3, rugged brown scales 1, slimy green scales 1,
clever 1, fire resistance 1, strong 1
a: Heroism, Finesse, Renounce Religion, Evoke Blink, Evoke Flight


You were on level 14 of the Dungeon.
You worshipped Okawaru.
Okawaru was exalted by your worship.
You were not hungry.

You visited 3 branches of the dungeon, and saw 22 of its levels.
You also visited: Bailey.

You collected 2169 gold pieces.
You spent 998 gold pieces at shops.

Inventory:

Hand Weapons
 r - the +8 great mace of the Original Sin {drain, rPois rC+++ Int-3 Stlth-}
   (Okawaru gifted it to you on level 5 of the Lair of Beasts)

   A truly terrible weapon, it drains the life of those it strikes.
   It affects your intelligence (-3).
   It renders you almost immune to cold.
   It protects you from poison.
   It makes you less stealthy.
 L - the +8 great mace of Untimely Demise (weapon) {flame, rC+}
   (Okawaru gifted it to you on level 1 of the Lair of Beasts)

   It has been specially enchanted to burn those struck by it, causing extra
   injury to most foes and up to half again as much damage against particularly
   susceptible opponents.
   It protects you from cold.
Missiles
 d - 2 throwing nets (quivered)
Armour
 a - the +2 cloak "Toususat" (worn) {Str-3 Int+8 Dex+4}
   (Okawaru gifted it to you on level 5 of the Lair of Beasts)

   It affects your strength (-3).
   It affects your intelligence (+8).
   It affects your dexterity (+4).
 i - a +1 ring mail of poison resistance
 p - a +2 pair of boots (worn)
 J - the +0 ring mail of the Republic (worn) {+Blink rCorr Str+6}
   (You found it on level 9 of the Dungeon)

   It affects your strength (+6).
   It lets you blink.
   It provides partial protection from all sources of acid and corrosion.
 W - a +2 pair of gloves of archery (worn)
 X - a +0 troll leather armour
Jewellery
 l - an uncursed ring of stealth
 t - an uncursed ring of stealth
 y - the ring "Saizum" {Ice rElec Int+4}
   (You acquired it in a bailey)

   [ring of ice]

   It enhances your ice magic.
   It affects your intelligence (+4).
   It makes you vulnerable to fire.
   It protects you from cold.
   It insulates you from electricity.
 A - a ring of flight (right hand)
 B - an uncursed ring of wizardry
 C - an amulet of regeneration (around neck)
 E - an uncursed ring of ice
 H - an uncursed ring of teleportation
 P - a ring of protection from cold (left hand)
 S - a cursed amulet of the gourmand
 T - an uncursed amulet of magic regeneration
 U - an uncursed amulet of rage
Wands
 h - a wand of polymorph (7)
 m - a wand of flame (64)
 s - a wand of disintegration (27)
 D - a wand of paralysis (70)
 G - a wand of random effects (24)
 I - a wand of iceblast (5)
 M - a wand of acid (11)
 V - a wand of digging (4)
 Z - a wand of clouds (6)
Scrolls
 e - 9 scrolls of identify
 g - 6 scrolls of magic mapping
 j - 6 scrolls of teleportation
 n - 6 scrolls of remove curse
 o - 7 scrolls of fog
 F - a scroll of torment
 N - a scroll of amnesia
 Q - 3 scrolls of enchant weapon
Potions
 c - a potion of resistance
 k - 14 potions of curing
 q - 4 potions of flight
 v - 2 potions of agility
 w - 6 potions of heal wounds
 x - 7 potions of magic
 K - a potion of berserk rage
 R - 2 potions of cancellation
 Y - 2 potions of haste
Miscellaneous
 O - a lamp of fire
Comestibles
 f - 37 rations


   Skills:
 + Level 14.6 Fighting
 - Level 18.7 Maces & Flails
 - Level 2.0 Throwing
 + Level 13.7 Dodging
 - Level 7.2 Invocations
 - Level 10.4 Evocations


You had 14 spell levels left.
You didn't know any spells.
Your spell library contained the following spells:

 Spells                   Type           Power        Failure   Level  Hunger
 Beastly Appendage        Tmut           #.....       36%         1    ##.....
 Confusing Touch          Hex            #.....       36%         1    ##.....
 Freeze                   Ice            #...         36%         1    ##.....
 Magic Dart               Conj           #...         36%         1    ##.....
 Summon Small Mammal      Summ           #...         36%         1    ##.....
 Blink                    Tloc           N/A          50%         2    ###....
 Call Imp                 Summ           #.......     50%         2    ###....
 Corpse Rot               Necr           N/A          50%         2    ###....
 Passwall                 Tmut/Erth      #.......     50%         2    ###....
 Poisonous Vapours        Pois/Air       #.....       50%         2    ###....
 Slow                     Hex            #.......     50%         2    ###....
 Sublimation of Blood     Necr           #.........   50%         2    ###....
 Swiftness                Chrm/Air       #.......     50%         2    ###....
 Throw Frost              Conj/Ice       #.....       50%         2    ###....
 Call Canine Familiar     Summ           #.......     73%         3    ####...
 Confuse                  Hex            #.......     73%         3    ####...
 Conjure Flame            Conj/Fire      #.......     73%         3    ####...
 Gell's Gravitas          Tloc           #.........   73%         3    ####...
 Mephitic Cloud           Conj/Pois/Air  #.......     73%         3    ####...
 Static Discharge         Conj/Air       #.......     73%         3    ####...
 Summon Guardian Golem    Hex/Summ       #.......     73%         3    ####...
 Passage of Golubria      Tloc           N/A          98%         4    #####..
 Petrify                  Tmut/Erth      #.......     98%         4    #####..
 Summon Ice Beast         Ice/Summ       #.......     98%         4    #####..
 Summon Lightning Spire   Summ/Air       #.......     98%         4    #####..
 Agony                    Necr           #.......     100%        5    ######.
 Bolt of Draining         Conj/Necr      #.........   100%        5    ######.
 Dispel Undead            Necr           #.......     100%        5    ######.
 Excruciating Wounds      Chrm/Necr      #.........   100%        5    ######.
 Lee's Rapid Deconstruct  Erth           #.........   100%        5    ######.
 Metabolic Englaciation   Hex/Ice        #.........   100%        5    ######.
 Silence                  Hex/Air        #.........   100%        5    ######.
 Yara's Violent Unravell  Hex/Tmut       #.........   100%        5    ######.
 Bolt of Cold             Conj/Ice       #.........   100%        6    #######
 Darkness                 Hex            #.........   100%        6    #######
 Freezing Cloud           Conj/Ice/Air   #.........   100%        6    #######
 Invisibility             Hex            #.......     100%        6    #######
 Tornado                  Air            #.........   100%        9    #######


Dungeon Overview and Level Annotations

Branches:
Dungeon (14/15)            Temple (0/1) D:4            Lair (6/6) D:11
  Swamp (0/4) Lair:2       Spider (0/4) Lair:2        Slime (0/5) Lair:5
    Orc (2/2) D:11            Elf (0/3) Orc:2        Vaults (0/5) D:13
 Bailey (visited)

Altars:
Ashenzari
Elyvilon
Gozag
Hepliaklqana
Kikubaaqudgha
Okawaru
Qazlal
Ru
Trog
Uskayaw
Vehumet
Xom
Yredelemnul
The Shining One
Beogh

Shops:
D:8 :   D:10 }   Orc:2 }(:!*

Annotations:
D:10 4 runed translucent doors
D:12 exclusion: 2 statues


Innate Abilities, Weirdness & Mutations

You reflexively headbutt those who attack you in melee.
You have a pair of large horns on your head.
You are partially covered in rugged brown scales. (AC +1, +3% HP)
You are partially covered in slimy green scales. (AC +2)
Your mind is acute. (Int +2)
Your flesh is heat resistant. (rF+)
Your muscles are strong. (Str +2)


Message History

The centaur warrior shoots an arrow.
The arrow hits you!
* * * LOW HITPOINT WARNING * * *
The two-headed ogre hits you with a +0 giant club!
* * * LOW HITPOINT WARNING * * *
The two-headed ogre hits you with a +0 giant spiked club!
* * * LOW HITPOINT WARNING * * *
A phantasmal warrior comes into view.
The death knight hits you from afar with a +0 glaive!
* * * LOW HITPOINT WARNING * * *
You fail to use your ability.
The skeletal warrior hits you but does no damage.
A phantasmal warrior comes into view.
You fail to use your ability.
The centaur warrior unwields a +0 longbow.
The centaur warrior hits you.
* * * LOW HITPOINT WARNING * * *
The two-headed ogre barely misses you. You furiously retaliate!
You headbutt the two-headed ogre.
The two-headed ogre hits you with a +0 giant spiked club!
You die...

....### .W..#.. Wz5....
.......######
#.....#....###
#...z.#...(..##
#..p.(.......# #
##...c@.......### ###
.......O.........#####..
#
............##....##...#
.
.....#...##..........###
. ...#.##........#...###
. .. . ....##......### .
. ..#.........##
...###.........# # .
#...........


You could see a death knight, 2 skeletal warriors, a centaur warrior, a
two-headed ogre, 2 phantasmal warriors and a shadow imp.

Vanquished Creatures
  An ettin (D:13)
  8 hydras
  A rakshasa (D:14)
  Erolcha (Orc:2)
  A merfolk avatar (Lair:6)
  An ogre mage (Orc:2)
  2 two-headed ogres
  10 death yaks
  A centaur warrior (D:9)
  2 tengu warriors
  A queen ant (D:11)
  A skeletal warrior (D:11)
  2 unseen horrors
  An obsidian statue (D:9)
  A deep troll (D:13)
  3 harpies (Lair:6)
  Pikel (D:4)
  A lindwurm (Lair:6)
  2 phantasmal warriors
  2 orc knights
  10 orc sorcerers
  5 ugly things
  4 manticores
  An oklob plant (Lair:5)
  3 cyclopes
  12 elephants
  Joseph (D:7)
  A gargoyle (D:9)
  2 centaur zombies (D:13)
  3 black mambas
  A spiny frog (shapeshifter) (D:13)
  9 spiny frogs
  6 rime drakes
  11 komodo dragons
  A kobold demonologist (D:10)
  A freezing wraith (D:9)
  A tengu conjurer (D:14)
  7 trolls
  4 polar bears
  A meliai (D:14)
  2 bog bodies (Lair:2)
  5 blink frogs (Lair:6)
  14 hippogriffs
  A hornet (Lair:6)
  2 dream sheep (D:8)
  A shadow (D:14)
  A water elemental (D:11)
  6 wraiths
  39 yaks
  5 basilisks (Lair:4)
  4 wyverns
  11 vampire mosquitoes
  A steam dragon (D:12)
  2 hungry ghosts
  5 wargs
  4 soldier ants (D:11)
  An acid dragon (D:14)
  12 water moccasins
  7 porcupines
  10 orc warriors
  3 ice beasts
  14 wolves
  A hornet zombie (D:13)
  A necrophage (D:13)
  11 ogres
  2 phantoms
  2 sky beasts
  10 crocodiles
  18 centaurs
  6 big kobolds
  26 bullfrogs
  A water moccasin zombie (D:8)
  A wyvern skeleton (D:14)
  4 scorpions
  13 killer bees
  4 howler monkeys
  5 wights (D:12)
  2 electric eels
  5 crimson imps
  3 bullfrog zombies
  A quasit (D:5)
  15 hounds
  3 jellies
  36 orc wizards
  Crazy Yiuf (D:2)
  8 orc priests
  2 bullfrog skeletons
  A gnoll shaman (D:10)
  4 iguanas
  Jessica (D:3)
  6 centaur skeletons
  Ijyb (D:3)
  Natasha (thrice) (D:2)
  27 worker ants
  A hound zombie (D:11)
  A howler monkey zombie (D:6)
  A howler monkey skeleton (D:6)
  17 gnolls
  9 adders
  9 shadow imps
  An ooze (D:2)
  An adder zombie (D:6)
  5 worms
  2 dart slugs
  3 leopard geckos
  59 orcs
  A ball python (D:5)
  4 giant cockroaches
  13 goblins
  20 hobgoblins
  6 jackals
  7 bats
  5 frilled lizards
  A jackal skeleton (D:6)
  36 kobolds
  A quokka zombie (D:6)
  7 rats
711 creatures vanquished.

Vanquished Creatures (others)
  A bush (D:12)
  3 fungi
  6 plants (Lair:6)
10 creatures vanquished.

Grand Total: 721 creatures vanquished

Notes
Turn   | Place    | Note
-------+----------+-------------------------------------------
     0 | D:1      | Curus the Minotaur Gladiator began the quest for the Orb.
     0 | D:1      | Reached XP level 1. HP: 18/18 MP: 0/0
    87 | D:1      | Reached skill level 4 in Maces & Flails
   173 | D:1      | Reached XP level 2. HP: 23/25 MP: 1/1
   605 | D:1      | Reached skill level 5 in Maces & Flails
   897 | D:2      | Reached XP level 3. HP: 29/30 MP: 2/2
   926 | D:2      | Gained mutation: Your flesh is heat resistant. (rF+)
                  | [potion of mutation]
   926 | D:2      | Gained mutation: You have a pair of large horns on your
                  | head. [potion of mutation]
   926 | D:2      | Gained mutation: You evolve. [potion of mutation]
   935 | D:2      | Found a radiant altar of Vehumet.
  1004 | D:2      | Found a shattered altar of Ashenzari.
  1008 | D:2      | Noticed Natasha
  1013 | D:2      | Killed Natasha
  1013 | D:2      | Reached skill level 6 in Maces & Flails
  1013 | D:2      | Reached XP level 4. HP: 37/37 MP: 3/3
  1028 | D:2      | Found an iron altar of Okawaru.
  1042 | D:2      | Became a worshipper of Warmaster Okawaru
  1198 | D:2      | Found a runed translucent door.
  1199 | D:2      | Noticed Crazy Yiuf
  1224 | D:2      | Noticed Natasha
  1230 | D:2      | Killed Natasha
  1444 | D:2      | Noticed Natasha
  1451 | D:2      | Killed Natasha
  1451 | D:2      | Reached skill level 7 in Maces & Flails
  1451 | D:2      | Reached XP level 5. HP: 40/42 MP: 4/4
  1706 | D:2      | Killed Crazy Yiuf
  2218 | D:3      | Noticed Ijyb
  2237 | D:3      | Killed Ijyb
  2291 | D:3      | Noticed Jessica
  2302 | D:3      | Killed Jessica
  2302 | D:3      | Reached skill level 8 in Maces & Flails
  2846 | D:4      | Found a basalt altar of Yredelemnul.
  2851 | D:4      | Found a glowing golden altar of the Shining One.
  2855 | D:4      | Noticed a profane servitor
  2871 | D:4      | Noticed an angel
  2901 | D:4      | Reached XP level 6. HP: 50/50 MP: 5/5
  2966 | D:4      | Reached * piety under Okawaru
  3172 | D:4      | Found a staircase to the Ecumenical Temple.
  3197 | D:4      | Reached skill level 9 in Maces & Flails
  3261 | D:4      | Noticed an ice beast
  3271 | D:4      | Killed an ice beast
  3353 | D:4      | Noticed Pikel
  3353 | D:4      | Noticed a slave
  3353 | D:4      | Noticed a slave
  3353 | D:4      | Noticed a slave
  3353 | D:4      | Noticed a slave
  3367 | D:4      | Killed Pikel
  3367 | D:4      | Reached ** piety under Okawaru
  3367 | D:4      | Reached skill level 11 in Maces & Flails
  3367 | D:4      | Reached XP level 7. HP: 54/56 MP: 6/6
  3556 | D:5      | Entered Level 5 of the Dungeon
  3571 | D:5      | Reached XP level 8. HP: 44/62 MP: 7/7
  3767 | D:5      | Reached skill level 12 in Maces & Flails
  3837 | D:5      | Reached *** piety under Okawaru
  4024 | D:5      | Reached skill level 13 in Maces & Flails
  4691 | D:6      | Gained mutation: Your muscles are strong. (Str +2)
                  | [evolution]
  4844 | D:6      | Received a gift from Okawaru
  4844 | D:6      | Reached XP level 9. HP: 52/68 MP: 8/8
  5387 | D:7      | Reached skill level 14 in Maces & Flails
  5537 | D:7      | Reached **** piety under Okawaru
  5745 | D:7      | Reached skill level 15 in Maces & Flails
  5884 | D:7      | Gained mutation: Your mind is acute. (Int +2) [evolution]
  5896 | D:7      | Noticed Joseph
  5910 | D:7      | Killed Joseph
  5910 | D:7      | Received a gift from Okawaru
  6012 | D:7      | Found a flagged portal.
  6024 | Bailey   | Entered a bailey
  6259 | Bailey   | Noticed an orc knight
  6271 | Bailey   | Killed an orc knight
  6271 | Bailey   | Reached skill level 16 in Maces & Flails
  6281 | Bailey   | Identified a scroll of acquirement
  6282 | Bailey   | Got a vibrating ivory ring
  6284 | Bailey   | Identified the ring "Saizum" {Ice rElec Int+4} (You
                  | acquired it in a bailey)
  6569 | D:8      | Received a gift from Okawaru
  6583 | D:8      | Reached XP level 10. HP: 70/75 MP: 9/9
  6630 | D:8      | Found Gaisuc's Book Emporium.
  6703 | D:8      | Reached skill level 5 in Dodging
  6917 | D:8      | Noticed a two-headed hydra
  6921 | D:8      | Reached skill level 5 in Fighting
  6927 | D:8      | HP: 4/81 [two-headed hydra (14)]
  6938 | D:8      | Killed a two-headed hydra
  6938 | D:8      | Received a gift from Okawaru
  6938 | D:8      | Reached ***** piety under Okawaru
  7254 | D:8      | Found a hazy altar of Hepliaklqana.
  7358 | D:8      | Found a bloodstained altar of Trog.
  7539 | D:8      | Gained mutation: You are partially covered in slimy green
                  | scales. (AC +2) [evolution]
  7750 | D:9      | Received a gift from Okawaru
  7853 | D:9      | Found a white marble altar of Elyvilon.
  7878 | D:9      | Found a transporter.
  7883 | D:9      | Noticed a gargoyle
  7885 | D:9      | Noticed an obsidian statue
  7888 | D:9      | Noticed a centaur warrior
  7955 | D:9      | Found a stormy altar of Qazlal.
  8077 | D:9      | Found a transporter.
  8116 | D:9      | Found a sacrificial altar of Ru.
  8258 | D:10     | Entered Level 10 of the Dungeon
  8554 | D:10     | Noticed a two-headed ogre
  8564 | D:10     | Killed a two-headed ogre
  8564 | D:10     | Reached XP level 11. HP: 48/95 MP: 10/10
  8949 | D:10     | Found a large runed translucent door.
  8950 | D:10     | Found a large runed translucent door.
  8950 | D:10     | Noticed a two-headed ogre
  8952 | D:10     | Found a large runed translucent door.
  8952 | D:10     | Found a large runed translucent door.
  9060 | D:10     | Killed an unseen horror
  9072 | D:10     | Found Fusuxkec's Gadget Shoppe.
  9129 | D:10     | Identified the Compendium of Ice
  9198 | D:10     | Noticed a tengu warrior
  9217 | D:10     | Killed a tengu warrior
  9217 | D:10     | Reached skill level 10 in Fighting
  9323 | D:10     | Identified the Incunabulum of Mutagenic Flight
  9614 | D:11     | Noticed a cyan ugly thing
  9643 | D:11     | Reached skill level 10 in Dodging
  9655 | D:11     | Killed a cyan ugly thing
  9655 | D:11     | Received a gift from Okawaru
  9773 | D:11     | Received a gift from Okawaru
  9803 | D:11     | Found a staircase to the Lair.
  9806 | D:11     | Noticed a death knight
  9829 | D:11     | Noticed a skeletal warrior
  9834 | D:10     | HP: 5/102 [death knight/+0 halberd (6)]
 10033 | D:9      | Killed a centaur warrior
 10042 | D:9      | Noticed a sixfirhy
 10045 | D:9      | Noticed a sixfirhy
 10049 | D:9      | Killed an obsidian statue
 10151 | D:9      | Got a steaming ring mail
 10225 | D:10     | Identified the +0 ring mail of the Republic {+Blink rCorr
                  | Str+6} (You found it on level 9 of the Dungeon)
 10249 | D:11     | Noticed a phantasmal warrior
 10252 | D:11     | Reached XP level 12. HP: 110/110 MP: 11/11
 10266 | D:11     | Found a staircase to the Orcish Mines.
 10419 | D:11     | Reached ****** piety under Okawaru
 10447 | Lair:1   | Entered Level 1 of the Lair of Beasts
 10477 | Lair:1   | Noticed a six-headed hydra
 10480 | Lair:1   | Received a gift from Okawaru
 10480 | Lair:1   | Reached skill level 1 in Invocations
 10481 | Lair:1   | Got a faintly glowing great mace {god gift}
 10483 | Lair:1   | Reached skill level 1 in Evocations
 10485 | Lair:1   | Killed a six-headed hydra
 10504 | Lair:1   | Identified the +8 great mace of Untimely Demise {flame,
                  | rC+} (Okawaru gifted it to you on level 1 of the Lair of
                  | Beasts)
 10534 | Lair:1   | Noticed a seven-headed hydra
 10540 | Lair:1   | Killed a seven-headed hydra
 11328 | Lair:2   | Found a hole to the Spider Nest.
 11662 | Lair:2   | Found a staircase to the Swamp.
 12013 | Lair:3   | Reached skill level 5 in Invocations
 12046 | Lair:3   | Got an ivory flail
 12097 | Lair:3   | Noticed a death yak
 12098 | Lair:3   | Noticed a death yak
 12103 | Lair:3   | Killed a death yak
 12103 | Lair:3   | Reached skill level 5 in Evocations
 12111 | Lair:3   | Killed a death yak
 12112 | Lair:3   | Noticed a death yak
 12112 | Lair:3   | Noticed a death yak
 12113 | Lair:3   | Noticed a death yak
 12127 | Lair:3   | Killed a death yak
 12127 | Lair:3   | Received a gift from Okawaru
 12128 | Lair:3   | Killed a death yak
 12134 | Lair:3   | Killed a death yak
 12151 | Lair:3   | Reached XP level 13. HP: 62/118 MP: 16/16
 12681 | Lair:4   | Found a hide-covered altar of Uskayaw.
 13056 | Lair:4   | Gained mutation: You are partially covered in rugged brown
                  | scales. (AC +1, +3% HP) [evolution]
 13056 | Lair:4   | Lost mutation: You evolve. [end of evolution]
 13129 | Lair:3   | Identified the cursed +1 flail of Jaemaaz {freeze, MR++
                  | Str+3} (You found it on level 3 of the Lair of Beasts)
 13450 | Lair:5   | Found a staircase to the Slime Pits.
 13481 | Lair:5   | Received a gift from Okawaru
 13482 | Lair:5   | Got an ichor-stained cloak {god gift}
 13496 | Lair:5   | Identified the +2 cloak "Toususat" {Str-3 Int+8 Dex+4}
                  | (Okawaru gifted it to you on level 5 of the Lair of Beasts)
 13513 | Lair:5   | Found a shimmering altar of Xom.
 14289 | Lair:5   | Got a clouded iron ring
 14291 | Lair:5   | Identified a ring of Gioden {*Corrode *Drain rPois Int+4
                  | Dex+3} (You acquired it on level 5 of the Lair of Beasts)
 14293 | Lair:6   | Entered Level 6 of the Lair of Beasts
 14297 | Lair:6   | Reached skill level 17 in Maces & Flails
 14482 | Lair:5   | Received a gift from Okawaru
 14483 | Lair:5   | Got a slimy great mace {god gift}
 14628 | Lair:5   | Identified the +8 great mace of the Original Sin {drain,
                  | rPois rC+++ Int-3 Stlth-} (Okawaru gifted it to you on
                  | level 5 of the Lair of Beasts)
 14739 | Lair:6   | Reached XP level 14. HP: 39/129 MP: 16/20
 14761 | Lair:6   | Reached skill level 18 in Maces & Flails
 14780 | Lair:6   | Received a gift from Okawaru
 14858 | Lair:6   | Reached skill level 10 in Evocations
 15730 | Orc:1    | Entered Level 1 of the Orcish Mines
 15855 | Orc:1    | Received a gift from Okawaru
 15928 | Orc:1    | Found a bloodstained altar of Trog.
 16022 | Orc:2    | Entered Level 2 of the Orcish Mines
 16083 | Orc:2    | Found Rivann's Assorted Antiques.
 16104 | Orc:2    | Found a staircase to the Elven Halls.
 16135 | Orc:2    | Bought a potion of curing for 102 gold pieces
 16682 | Orc:2    | Found Maoff's Distillery.
 16719 | Orc:2    | Bought a potion of haste for 160 gold pieces
 16719 | Orc:2    | Bought a potion of curing for 48 gold pieces
 16719 | Orc:2    | Bought a potion of curing for 48 gold pieces
 16719 | Orc:2    | Bought a potion of curing for 48 gold pieces
 16719 | Orc:2    | Bought a potion of curing for 48 gold pieces
 16719 | Orc:2    | Bought a potion of heal wounds for 80 gold pieces
 16719 | Orc:2    | Bought a potion of heal wounds for 80 gold pieces
 16719 | Orc:2    | Bought 2 potions of heal wounds for 160 gold pieces
 16719 | Orc:2    | Bought a potion of resistance for 160 gold pieces
 16719 | Orc:2    | Bought a potion of agility for 64 gold pieces
 16758 | Orc:2    | Found an ancient bone altar of Kikubaaqudgha.
 16790 | Orc:2    | Noticed Erolcha
 16797 | Orc:2    | Killed Erolcha
 16805 | Orc:2    | Found a radiant altar of Vehumet.
 16834 | Orc:2    | Found a roughly hewn altar of Beogh.
 16834 | Orc:2    | Found Bisabe's Book Emporium.
 16835 | Orc:2    | Found Jokly's Gadget Shoppe.
 16846 | Orc:2    | Found Qeistru's Antique Weapon Shoppe.
 17351 | D:12     | Received a gift from Okawaru
 17905 | D:13     | Reached XP level 15. HP: 141/141 MP: 21/21
 18064 | D:13     | Found a gate to the Vaults.
 18264 | D:13     | Received a gift from Okawaru
 18432 | D:14     | Found an opulent altar of Gozag.
 18597 | D:14     | HP: 6/143 [death knight/+0 glaive (14)]
 18599 | D:14     | HP: 1/143 [centaur warrior (6)]
 18599 | D:14     | Mangled by a two-headed ogre

Levels and vault maps discovered:
D:1:      ebering_hopf_link, layout_basic, minmay_misc_feat_nine_boxes,
          kennysheep_flooded_box
D:2:      layout_loops_ring, okawaru_ov_weapons_minmay, lemuel_round_altar,
          nicolae_overflow_crystal_walls, uniq_natasha, uniq_crazy_yiuf_cottage
D:3:      layout_loops_cross, first_ration, uniq_ijyb, uniq_jessica
D:4:      layout_loops_corners, grunt_temple_overflow_holy_war,
          minmay_temple_entry_butterflies, uniq_pikel
D:5:      layout_rooms
D:6:      layout_cave_pods, serial_bayou_crossing
D:7:      layout_loops_ring, enter_bailey_3, uniq_joseph
D:8:      layout_loops_ring, lemuel_doored_altar, lemuel_coloured_pillars_altar,
          serial_shops, shop, hangedman_ranch [blue_anna_fruit_fields],
          grunt_decor_fettered
D:9:      gammafunk_sealed_arena, layout_cave_pools, grunt_qazlal_clouds,
          lemuel_round_altar, minmay_misc_feat_rows, elyvilon_altar_4
D:10:     layout_gridville, serial_shops, shop, minmay_hollow_rounded_squares
D:11:     layout_cave_pools, erik_lair_island, minmay_orc_entry_guard_dogs,
          gauntlet_entry_generic, minmay_another_anthill
D:12:     layout_rooms, minmay_dual_archer_statues
D:13:     layout_loops_ring, david_vaults_4
D:14:     layout_cave_pools, serial_park_square3 [serial_park_minivault_5x5_4]
Lair:1:   layout_hall_layers
Lair:2:   layout_loops_ring, skrybe_swamp_entry_bodies,
          nicolae_spider_entry_non_spiders, grunt_megastairs_4
Lair:3:   layout_gridlike, st_stairs_10, serial_bayou_shore_a
Lair:4:   layout_regular_city, basic_altar, kennysheep_basilisk_garden,
          serial_bayou_shore_b
Lair:5:   layout_small_grid, minmay_slime_entry_oklob_open, basic_altar
Lair:6:   gammafunk_lair_ancient_temple, layout_misc_corridors
Orc:1:    layout_caves, trog_butcher_becter
Orc:2:    kennysheep_orc_mage_school, layout_caves, serial_shops, shop

Skill      XL: |  1  2  3  4  5  6  7  8  9 10 11 12 13 14 15 |
---------------+----------------------------------------------+-----
Maces & Flails | 4 5 6 7 8 11 13 16 17 18 | 18.7
Fighting       | 8 11 12 13 14 | 14.6
Dodging        | 8 11 13 | 13.7
Invocations    | 6 7 |  7.2
Evocations     | 6 9 10 | 10.4
Throwing       | |  2.0

Action                   |  1- 3 |  4- 6 |  7- 9 | 10-12 | 13-15 || total
-------------------------+-------+-------+-------+-------+-------++-------
Melee: Flail             |    61 |   150 |    35 |       |       ||   246
       Headbutt          |     7 |    20 |    36 |   113 |   169 ||   345
       Morningstar       |       |       |   217 |   351 |       ||   568
       Dire flail        |       |       |       |    88 |       ||    88
       Punch             |       |       |       |     1 |       ||     1
       Great mace        |       |       |       |    92 |   653 ||   745
Throw: Throwing net      |       |       |       |     2 |       ||     2
Invok: Heroism           |       |       |     3 |     4 |     3 ||    10
 Abil: Evoke Flight      |       |       |       |       |     2 ||     2
       Evoke Blink       |       |       |       |       |     1 ||     1
Evoke: Wand              |       |       |     2 |     1 |     2 ||     5
       Phantom mirror    |       |       |       |     1 |       ||     1
  Use: Scroll            |     5 |     3 |     4 |     8 |     9 ||    29
       Potion            |     3 |     2 |     6 |     2 |     4 ||    17
 Stab: Sleeping          |       |     4 |     6 |     6 |     1 ||    17
       Distracted        |       |       |     1 |     1 |       ||     2
       Held in net/web   |       |       |       |     2 |       ||     2
  Eat: Chunk             |       |     4 |     7 |    15 |    16 ||    42
       Ration            |       |     1 |     1 |     1 |     2 ||     5
Armor: Leather armour    |    14 |    29 |    74 |    90 |       ||   207
       Ring mail         |       |       |       |    23 |   230 ||   253
Dodge: Dodged            |    43 |    70 |   180 |   423 |   762 ||  1478
